cohdb
Replays
Latest Replays
All Replays
Popular Replays
Top Player Replays
Match Explorer
How It Works
Community
CoH3 Stats
Reddit
Sign in to upload your games and track your stats! →
Sign in with Steam
Match 38655397
Unlisted
Match 38655397
Overview
Messages
Build Orders
End
Kradschützen Motorcycle Team
Panzerpioneer Squad
Selects Armored Support Battlegroup
250 Light Carrier
Construct Light Support Kompanie
Assault Grenadier Squad
Assault Grenadier Squad
Construct Mechanized Kompanie
8 Rad Armored Car
Assault Mechanized Group
Vehicle Survival Package
Selects Superior Fire Drills
Selects Salvage Kits
Sevas
『BlackBear』
0
0
Comments
sign in to comment!
No comments posted yet!